 Dungeon Crawl Stone Soup version 0.32-a0-953-g508020473e (webtiles) character file.

Game seed: 14657434757540671499

17 HilariousDeathArtist the Ruffian (level 2, 0/21 HPs)
             Began as a Demonspawn Shapeshifter on Apr 16, 2024.
             Frozen to death by an endoplasm (2 damage)
             ... on level 1 of the Dungeon.
             The game lasted 00:02:51 (339 turns).

HilariousDeathArtist the Ruffian (DsSh)              Turns: 339, Time: 00:02:52

Health: 0/21       AC:  2    Str: 14    XL:     2   Next: 44%
Magic:  2/2        EV: 11    Int: 10    God:
Gold:   23         SH:  0    Dex: 12    Spells: 1/1 levels left

rFire   . .          .
                       - Unarmed
rCold   . . .        (no shield)
rNeg    . . .        a - +0 animal skin
rPois   .            (helmet currently unavailable)
rElec   .            (cloak currently unavailable)
rCorr   .            (gloves currently unavailable)
SInv    .            (boots currently unavailable)
Will    .....        (no amulet)
Stlth   ++           (no ring)
HPRegen 0.23/turn    (no ring)
MPRegen 0.08/turn

%: no passive effects
@: beast-form
A: beast (slay +1), foul stench 1
a: Begin Untransformation


You were on level 1 of the Dungeon.
You were a hulking beast.
You visited 1 branch of the dungeon, and saw 1 of its levels.

You collected 23 gold pieces.

Inventory:

Hand Weapons
 b - a +0 dagger
   (You found it on level 1 of the Dungeon)
 f - a +0 whip
   (You took it off a kobold on level 1 of the Dungeon)
 g - a +0 dagger
   (You found it on level 1 of the Dungeon)
 h - a +0 short sword
   (You took it off a kobold on level 1 of the Dungeon)
 i - a +0 club
   (You took it off a kobold on level 1 of the Dungeon)
 j - a +0 dagger
   (You found it on level 1 of the Dungeon)
Missiles
 e - 2 boomerangs
Armour
 a - a +0 animal skin (worn)
Jewellery
 C - a ring of protection from cold {rC+, !d}
   (You found it on level 1 of the Dungeon)
Talismans
 c - a beast talisman (active)
 d - a flux talisman


   Skills:
 + Level 1.4 Fighting
 - Level 1.7 Dodging
 + Level 1.0 Stealth
 + Level 2.9 Unarmed Combat
 + Level 2.8 Shapeshifting


You had one spell level left.
You didn't know any spells.
Your spell library contained the following spells:

 Spells                   Type           Power      Damage    Failure   Level
 Summon Blazeheart Golem  Fire/Summ      0%         N/A       98%         4
 Orb of Destruction       Conj           0%         9d5       100%        7
 Spellforged Servitor     Conj/Summ      0%         N/A       100%        7


Dungeon Overview and Level Annotations

Branches:
Dungeon (1/15)

Altars:


Innate Abilities, Weirdness & Mutations

You are a hulking beast.
Your limbs bulge with bestial killing power. (Slay +1)
You may rarely emit foul miasma when damaged in melee.


Message History

You barely miss the hobgoblin. The hobgoblin hits you.
You take 1 damage, and have 20/21 hp.
You closely miss the hobgoblin. You hit the hobgoblin. The hobgoblin hits you.
The hobgoblin barely misses you.
You take 2 damage, and have 18/21 hp.
You barely miss the hobgoblin. The hobgoblin closely misses you.
The hobgoblin barely misses you.
You hit the hobgoblin.
You kill the hobgoblin!
The hobgoblin closely misses you.
Unknown command.
The frilled lizard attacks as it pursues you!
The frilled lizard barely misses you. As you open the door, it creaks loudly!
A rat comes into view.
The rat squeaks loudly.
The frilled lizard misses you.
The rat moves out of view. 2 frilled lizards come into view.
Found a stone staircase leading down.
The frilled lizard hisses angrily.
You hear an angry hiss.
A frilled lizard comes into view.
There is an open door here.
The frilled lizard hisses angrily.
The frilled lizard attacks as it pursues you!
The frilled lizard bites you but does no damage.
A frilled lizard comes into view.
You aren't carrying any potions.
You aren't carrying any scrolls.
The frilled lizard hisses angrily.
The rat bites you.
The frilled lizard attacks as it pursues you!
The frilled lizard closely misses you.
You take 1 damage, and have 19/21 hp.
You hit the rat.
You kill the rat!
A frilled lizard comes into view.
The frilled lizard bites you but does no damage.
You closely miss the frilled lizard. The frilled lizard bites you. x2
You take 4 damage, and have 16/21 hp.
You hit the frilled lizard.
You kill the frilled lizard!
The frilled lizard barely misses you.
You hit the frilled lizard.
You kill the frilled lizard!
The frilled lizard bites you.
You take 3 damage, and have 13/21 hp.
You hit the frilled lizard.
You kill the frilled lizard!
The endoplasm jiggles.
The frilled lizard barely misses you.
You closely miss the frilled lizard.
The frilled lizard bites you but does no damage.
The frilled lizard bites you.
You emit a cloud of foul miasma!
You take 1 damage, and have 12/21 hp.
You barely miss the frilled lizard. The frilled lizard closely misses you.
The frilled lizard is engulfed in dark miasma.
The frilled lizard is poisoned.
You kill the frilled lizard!
You hit the frilled lizard. The frilled lizard bites you.
You take 1 damage, and have 11/21 hp.
You hit the frilled lizard.
You kill the frilled lizard!
You closely miss the frilled lizard.
The frilled lizard bites you but does no damage.
You hit the frilled lizard.
You kill the frilled lizard!
Items here: ††††††.
There is a stone staircase leading down here.
You completely miss the hobgoblin. The hobgoblin barely misses you.
You hit the hobgoblin. The hobgoblin closely misses you.
You barely miss the hobgoblin. The hobgoblin barely misses you.
You hit the hobgoblin.
You kill the hobgoblin!
You miss the frilled lizard. The frilled lizard bites you.
You closely miss the frilled lizard. The frilled lizard misses you.
You completely miss the frilled lizard. The frilled lizard bites you.
The endoplasm jiggles.
You take 3 damage, and have 10/21 hp.
You hit the frilled lizard.
You kill the frilled lizard!
Your Stealth skill increases to level 1!
You hit the endoplasm. The endoplasm freezes you.
You are frozen.
You take 1 damage, and have 9/21 hp.
You hit the endoplasm. The endoplasm freezes you.
You are frozen.
* * * LOW HITPOINT WARNING * * *
You take 4 damage, and have 5/21 hp.
You hit the endoplasm but do no damage. The endoplasm freezes you.
You are frozen.
* * * LOW HITPOINT WARNING * * *
You take 3 damage, and have 2/21 hp.
You hit the endoplasm. The endoplasm closely misses you.
You barely miss the endoplasm. The endoplasm freezes you.
You are frozen.
You die...

#..~~~~.#.#...
#.~~~~~...#...
#.~~~~~~......
#.~~~~~~......
#..~~~~.......
#................
#................
#.....>..........
#....h...........
#####J##.....#...
#.# #......## #†#
#†.......
####'###........
#......lJ....##.
#.............#
#!............#
+.............#
#####


You could see an endoplasm.

Vanquished Creatures
  4 hobgoblins (D:1)
  A quokka (D:1)
  8 frilled lizards (D:1)
  3 kobolds (D:1)
  3 rats (D:1)
19 creatures vanquished.

Notes
Turn   | Place    | Note
-------+----------+-------------------------------------------
     0 | D:1      | HilariousDeathArtist the Demonspawn Shapeshifter began the
                  | quest for the Orb.
     0 | D:1      | Reached XP level 1. HP: 15/15 MP: 1/1
   102 | D:1      | HP: 3/15 [quokka (4)]
   107 | D:1      | HP: 1/15 [quokka (2)]
   283 | D:1      | Gained mutation: You may rarely emit foul miasma when
                  | damaged in melee. [demonic ancestry]
   283 | D:1      | Reached XP level 2. HP: 20/21 MP: 2/2
   335 | D:1      | Reached skill level 1 in Stealth
   336 | D:1      | HP: 5/21 [frozen (4)]
   337 | D:1      | HP: 2/21 [frozen (3)]
   339 | D:1      | Frozen to death by an endoplasm

Illustrated notes

Levels and vault maps discovered:
D:1:      dpeg_arrival_shelter, layout_basic,
          shapermc_ecumenical_altar_mp_highgroup, minmay_lizard_pond

Skill      XL: |  1  2 |
---------------+-------+-----
Stealth        | 1 |  1.0
Fighting       | |  1.4
Dodging        | |  1.7
Unarmed Combat | |  2.9
Shapeshifting  | |  2.8

Action                     || total
---------------------------++-------
  Melee: Unarmed           ||    54
  Throw: Stone             ||    10
    Use: Potion            ||     1
 Armour: Animal skin       ||    28
         Skin              ||     4
  Dodge: Dodged            ||    31

Table legend: (Time is in decaauts)
 A = Elapsed time spent in this place.
 B = Non-inter-level travel time spent in this place.
 C = Inter-level travel time spent in this place.
 D = Time resting spent in this place.
 E = Time spent auto-exploring this place.
 F = Levels seen in this place.
 G = Mean time per level.
                   A        B        C        D        E       F      G
               +--------+--------+--------+--------+--------+-----+--------+
         Total |    337 |    337 |      0 |      0 |    222 |   1 |  337.0 |
       Dungeon |    337 |    337 |      0 |      0 |    222 |   1 |  337.0 |
               +--------+--------+--------+--------+--------+-----+--------+

Top non-repeatable levels by time:
     D:1: 337 daAuts

Levels and vault maps discovered:
D:1:      dpeg_arrival_shelter, layout_basic,
          shapermc_ecumenical_altar_mp_highgroup, minmay_lizard_pond

Table legend: (Time is in decaauts)
 A = Elapsed time spent in this place.
 B = Non-inter-level travel time spent in this place.
 C = Inter-level travel time spent in this place.
 D = Time resting spent in this place.
 E = Time spent auto-exploring this place.
 F = Levels seen in this place.
 G = Mean time per level.
                   A        B        C        D        E       F      G
               +--------+--------+--------+--------+--------+-----+--------+
         Total |    337 |    337 |      0 |      0 |    222 |   1 |  337.0 |
       Dungeon |    337 |    337 |      0 |      0 |    222 |   1 |  337.0 |
               +--------+--------+--------+--------+--------+-----+--------+

Top non-repeatable levels by time:
     D:1: 337 daAuts

Table legend:
 A = Kills in this place as a percentage of kills in the entire game.
 B = Kills by you in this place as a percentage of kills by you in the entire game.
 C = Kills by friends in this place as a percentage of kills by friends in the entire game.
 D = Other kills in this place as a percentage of other kills in the entire game.
 E = Experience gained in this place as a percentage of experience gained in the entire game.
 F = Experience gained in this place divided by the number of levels of this place that you have seen.
                   A       B       C       D       E      F
               +-------+-------+-------+-------+-------+----------------------
         Total | 100.0 | 100.0 |   N/A |   N/A | 100.0 |  25.0
       Dungeon | 100.0 | 100.0 |   N/A |   N/A | 100.0 |  25.0
               +-------+-------+-------+-------+-------+----------------------
